Map: Void Launch

Players

HarryTsampy

  • Race: Protoss Protoss
  • Spawn Location: 6:00

Alto

  • Race: Protoss Protoss
  • Spawn Location: 6:00

VOD

Have the link to the VOD?

Description

Insane in the membrane ally, Rubber and glue mutation

Time

  • Played on: May 18, 2026, 7:58 a.m.
  • Length: 25:55
Show
View Real Time Build Order
Export as new Build Order

HarryTsampy Protoss 

Build Orders:  

Get SALT Encoding   

  12  0:08  Probe (Chrono Boost)  
  14  0:22  Probe (Chrono Boost)  
  14  0:36  Probe (Chrono Boost)  
  15  0:41  Xel'Naga Passageway  
  16  0:50  Probe (Chrono Boost)  
  17  1:04  Probe (Chrono Boost)  
  17  1:17  Probe (Chrono Boost)  
  18  1:34  Probe (Chrono Boost)  
  19  1:45  Xel'Naga Ambusher  
  21  1:53  Core Forge  
  21  2:09  Xel'Naga Ambusher  
  23  2:49  Xel'Naga Shieldguard  
  24  3:07  Xel'Naga Shieldguard  
  25  3:29  Xel'Naga Ambusher  
  27  3:39  Serdath Legion  
  27  4:16  Unknown  
  28  4:45  Ancient Nexus  
  28  4:46  Probe (Chrono Boost)  
  28  4:54  Constructs Facility  
  29  5:03  Probe (Chrono Boost)  
  29  5:22  Unknown  
  29  5:30  Unknown  
  29  5:40  Unknown  
  29  5:58  Probe (Chrono Boost)  
  31  6:15  Probe (Chrono Boost)  
  32  6:32  Probe (Chrono Boost)  
  32  6:49  Probe (Chrono Boost)  
  33  6:56  Tesseract Cannon  
  33  6:57  Tesseract Cannon  
  33  6:59  Tesseract Cannon  
  33  7:01  Tesseract Cannon  
  33  7:05  Probe (Chrono Boost)  
  33  7:08  Probe (Chrono Boost)  
  35  7:14  Tesseract Cannon  
  36  7:25  Probe (Chrono Boost)  
  36  7:26  Probe (Chrono Boost)  
  37  7:34  Unknown  
  37  7:54  Serdath Legion  
  37  8:03  Unknown  
  37  8:11  Unknown  
  37  9:17  Tesseract Cannon x2  
  37  9:20  Tesseract Cannon  
  37  9:21  Tesseract Cannon  
  37  9:40  Tesseract Cannon  
  37  9:43  Tesseract Cannon  
  37  9:52  Tesseract Cannon  
  37  10:23  Serdath Legion  
  37  10:39  Tesseract Cannon  
  37  11:49  Unknown  
  37  11:53  Unknown  
  37  11:58  Unknown  
  37  12:03  Unknown  
  37  12:05  Unknown  
  37  12:09  Unknown  
  37  12:21  Unknown  
  37  12:24  Unknown  
  37  12:28  Unknown  
  37  12:49  Tesseract Cannon  
  37  12:50  Tesseract Cannon  
  37  12:54  Tesseract Cannon x2  
  37  12:57  Tesseract Cannon  
  37  13:04  Tesseract Cannon  
  37  13:06  Tesseract Cannon  
  37  13:11  Tesseract Cannon  
  37  13:12  Tesseract Cannon  
  37  13:46  Tesseract Cannon  
  37  13:48  Tesseract Cannon  
  37  14:27  Unknown  
  37  14:31  Unknown  
  37  15:30  Tesseract Cannon  
  37  15:31  Tesseract Cannon  
  37  15:33  Tesseract Cannon  
  37  15:35  Tesseract Cannon  
  37  15:37  Tesseract Cannon  
  37  15:39  Tesseract Cannon x2  
  37  15:53  Tesseract Cannon  
  37  16:27  Tesseract Cannon  
  37  17:37  Unknown  
  37  18:00  Unknown  
  37  18:51  Tesseract Cannon  
  37  18:53  Tesseract Cannon  
  37  18:54  Tesseract Cannon  
  37  18:55  Tesseract Cannon  
  37  18:56  Tesseract Cannon  
  37  18:59  Tesseract Cannon  
  37  19:00  Tesseract Cannon  
  37  19:02  Tesseract Cannon  
  37  19:04  Tesseract Cannon x2  
  37  19:41  Serdath Legion  
  37  19:46  Unknown  
  43  20:27  Tesseract Cannon  
  43  20:28  Tesseract Cannon  
  37  20:30  Tesseract Cannon  
  37  20:32  Tesseract Cannon  
  40  22:09  Unknown  
  40  22:16  Serdath Legion  
  36  23:57  Tesseract Cannon  
  36  23:58  Tesseract Cannon x2  
  36  24:01  Tesseract Cannon  
  36  24:03  Tesseract Cannon  
  36  24:05  Tesseract Cannon  
  36  24:07  Tesseract Cannon  
  36  24:09  Tesseract Cannon  
  36  24:12  Tesseract Cannon  
  36  24:13  Tesseract Cannon  
  36  24:40  Unknown  
  36  24:43  Unknown  
  36  24:59  Unknown  
  33  25:27  Serdath Legion  
Show
View Real Time Build Order
Export as new Build Order

Alto Protoss 

Build Orders:  

Get SALT Encoding   

  13  0:11  Probe (Chrono Boost)  
  13  0:22  Probe (Chrono Boost)  
  14  0:33  Probe (Chrono Boost)  
  15  0:44  Probe (Chrono Boost)  
  16  0:55  Gateway  
  16  1:04  Gateway  
  16  1:12  Pylon  
  16  1:41  Pylon  
  17  1:51  Probe (Chrono Boost)  
  17  1:59  Assimilator  
  17  2:02  Probe (Chrono Boost)  
  17  2:07  Assimilator  
  18  2:13  Probe (Chrono Boost)  
  19  2:20  Cybernetics Core  
  19  2:24  Probe (Chrono Boost)  
  20  2:35  Probe (Chrono Boost)  
  21  2:46  Probe (Chrono Boost)  
  21  2:47  Gateway  
  22  2:55  Gateway  
  22  3:06  Probe (Chrono Boost)  
  23  3:17  Probe (Chrono Boost)  
  24  3:28  Probe (Chrono Boost)  
  25  3:42  Zealot x2  
  25  3:43  Zealot x2  
  33  4:13  Forge  
  33  4:25  Probe (Chrono Boost)  
  34  4:36  Probe (Chrono Boost)  
  35  4:47  Probe (Chrono Boost)  
  36  4:54  Dragoon x3  
  42  5:17  Zealot  
  42  5:18  Zealot x3  
  42  5:19  Zealot  
  46  5:27  Zealot  
  40  5:38  Zealot  
  32  5:40  Protoss Shields Level 1  
  32  5:42  Zealot  
  30  6:29  Nexus  
  30  7:54  Zealot x3  
  30  7:55  Zealot x3  
  30  7:56  Zealot x3  
  30  7:57  Zealot x2  
  52  8:09  Dragoon  
  52  8:35  Probe (Chrono Boost)  
  53  8:44  Assimilator  
  53  8:47  Probe (Chrono Boost), Assimilator  
  54  8:58  Probe (Chrono Boost)  
  55  9:09  Probe (Chrono Boost)  
  57  9:20  Probe (Chrono Boost)  
  57  9:56  Probe (Chrono Boost)  
  57  9:58  Dragoon  
  57  9:59  Dragoon x3  
  66  10:00  Dragoon x3  
  66  10:07  Probe (Chrono Boost)  
  73  10:18  Probe (Chrono Boost)  
  74  10:29  Probe (Chrono Boost)  
  75  10:31  Dragoon  
  75  10:32  Dragoon x3  
  78  10:40  Probe (Chrono Boost)  
  50  11:02  Zealot x3  
  50  11:03  Zealot x2  
  50  11:04  Zealot  
  40  11:58  Zealot  
  40  11:59  Zealot x3  
  46  12:00  Zealot x2  
  44  12:14  Zealot x2  
  44  12:15  Zealot  
  38  12:45  Probe (Chrono Boost)  
  39  12:56  Probe (Chrono Boost)  
  39  12:57  Gateway  
  40  13:02  Gateway  
  40  13:07  Gateway, Probe (Chrono Boost)  
  41  13:14  Twilight Council  
  41  13:38  Probe (Chrono Boost)  
  42  13:47  Dragoon x2  
  42  13:48  Dragoon x4  
  42  13:49  Dragoon x3, Probe (Chrono Boost)  
  61  13:50  Dragoon x2  
  66  14:00  Probe (Chrono Boost)  
  66  14:07  Robotics Facility  
  66  14:19  Zealot  
  68  14:20  Zealot x2  
  68  14:21  Zealot  
  44  14:53  Zealot  
  44  14:54  Zealot x4  
  44  14:55  Zealot x2  
  54  15:14  Zealot  
  54  15:15  Zealot x3  
  54  15:17  Protoss Shields Level 2  
  58  15:34  Probe (Chrono Boost)  
  59  15:46  Probe (Chrono Boost)  
  60  15:57  Probe (Chrono Boost)  
  61  16:03  Trillic Compresion Mesh  
  61  16:08  Probe (Chrono Boost)  
  62  16:46  Dragoon x2  
  62  16:47  Dragoon x3  
  62  16:48  Dragoon x2  
  68  17:20  Dragoon x2  
  68  17:21  Dragoon x3  
  68  17:22  Dragoon  
  80  17:33  Whirlwind  
  74  17:58  Protoss Ground Weapons Level 1  
  74  18:42  Dragoon x2  
  74  18:43  Dragoon x2  
  74  18:44  Dragoon x3  
  74  18:45  Dragoon x3  
  74  18:46  Dragoon x2  
  98  19:03  Singularity Charge  
  98  19:20  Dragoon  
  98  19:21  Dragoon x3  
  98  19:22  Dragoon  
  86  20:00  Dragoon x2  
  86  20:01  Dragoon x3  
  86  20:02  Dragoon x2  
  86  20:03  Charge  
  86  20:08  Protoss Ground Armor Level 1  
  80  20:37  Observer  
  81  20:46  Dragoon x3  
  81  20:47  Dragoon x2  
  83  21:54  Dragoon  
  83  21:55  Dragoon x3  
  83  21:56  Dragoon x3  
  83  21:57  Dragoon x3  
  83  21:58  Dragoon  
  105  22:08  Protoss Shields Level 3  
  103  22:54  Dragoon x3  
  103  22:55  Dragoon x3  
  103  22:56  Dragoon x3  
  119  23:29  Dragoon  
  121  23:30  Dragoon x3  
  121  23:31  Dragoon x2  
  131  24:26  Zealot x2  
  131  24:27  Zealot x3  
  131  24:28  Zealot x2  
  131  24:29  Zealot  
  145  24:30  Zealot x3  
  145  24:31  Zealot  
  145  24:32  Zealot  
  95  24:58  Zealot x2  
  95  24:59  Zealot  
  81  25:00  Zealot  
  81  25:01  Zealot x2  
  71  25:10  Zealot  
  71  25:12  Zealot  
Tags
 
Add a new tag
Caveats
  • Supply blocks, unpowered buildings, or Contaminate may cause inaccurate times.
  • Supply counts are checked every 10 seconds.